 Dungeon Crawl Stone Soup version 0.21.1-1-g345015f (webtiles) character file.

128 diana the Cudgeler (level 4, -7/39 HPs)
             Began as a Minotaur Fighter on June 14, 2018.
             Mangled by Sigmund
             ... wielding a +0 scythe
              (12 damage)
             ... on level 2 of the Dungeon.
             The game lasted 00:02:05 (2090 turns).

diana the Cudgeler (Minotaur Fighter)               Turns: 2090, Time: 00:02:06

Health: -7/39      AC:  6    Str: 26    XL:     4   Next: 87%
Magic:  3/3        EV:  7    Int:  5    God:
Gold:   48         SH: 10    Dex: 10    Spells: 3/3 levels left

rFire    . . .     SeeInvis .   a - +0 flail
rCold    . . .     Gourm    .   c - +0 shield
rNeg     . . .     Faith    .   b - +0 scale mail
rPois    .         Spirit   .   (helmet restricted)
rElec    .         Reflect  .   (no cloak)
rCorr    .         Harm     .   (no gloves)
MR       .....                  (no boots)
Stlth    ..........             (no amulet)
HPRegen  0.13/turn              (no ring)
MPRegen  0.08/turn              (no ring)

@: mighty
A: retaliatory headbutt, horns 2
a: no special abilities


You were on level 2 of the Dungeon.
You were not hungry.

You visited 1 branch of the dungeon, and saw 3 of its levels.

You collected 48 gold pieces.

Inventory:

Hand Weapons
 a - a +0 flail (weapon)
Armour
 b - a +0 scale mail (worn)
 c - a +0 shield (worn)
Jewellery
 m - an uncursed ring of ice {unknown}
Scrolls
 e - a scroll of enchant weapon {unknown}
 g - a scroll of random uselessness {unknown}
 h - a scroll of teleportation {unknown}
 i - 3 scrolls of identify {unknown}
 j - a scroll of noise {unknown}
 k - a scroll of remove curse {unknown}
Potions
 l - a potion of heal wounds {unknown}
 n - 2 potions of curing {unknown}
 o - a potion of invisibility {unknown}
 p - 2 potions of brilliance {unknown}
Comestibles
 f - 3 rations


   Skills:
 - Level 3.6 Fighting
 + Level 6.2 Maces & Flails
 - Level 3.6 Armour
 - Level 3.6 Shields


You had 3 spell levels left.
You didn't know any spells.

Dungeon Overview and Level Annotations

Branches:
Dungeon (3/15)

Altars:

Annotations:
D:2 Sigmund


Innate Abilities, Weirdness & Mutations

You reflexively headbutt those who attack you in melee.
You have a pair of horns on your head.


Message History

The orc hits you.
* * * LOW HITPOINT WARNING * * *
Sigmund hits you but does no damage.
You climb upwards.
There is a stone staircase leading down, spattered with blood here.
You feel very mighty all of a sudden. The orc closely misses you.
You block Sigmund's attack.
You barely miss Sigmund. Your headbutt misses Sigmund.
Sigmund is moderately wounded.
The orc completely misses you.
Unknown command.
You closely miss Sigmund. You headbutt Sigmund!
Sigmund is heavily wounded.
The orc hits you.
* * * LOW HITPOINT WARNING * * *
Sigmund closely misses you. The orc barely misses you.
Your shield and scale mail prevent you from hitting Sigmund.
Sigmund is heavily wounded.
Sigmund hits you with a scythe!
You die...

.....................'.........'.
#...#.########....####.........##
##.##.### #.#.## ##.......##
#.......# #..## ##.....##
#.###.#.# ##.# ##...## #.###.#.#
#.# ##'## #.##..#.# #.# #.#
#>##.##.# ####@### #.# #.##.##.#
#...[@)# ###.## #.......#
#.##o#.# ##....## ####.####
#.##.#.# ###.###..#### ####.#
#.##.#.# #...# #...... .....#
#.##.#.###.#.###.##### ######
#.##.......##...## #
#.####.########## # #.####.#
#......#


You could see Sigmund and an orc.

Vanquished Creatures
  An orc priest (D:2)
  A worker ant (D:2)
  Robin (D:2)
  An adder (D:2)
  2 worms (D:2)
  A dart slug (D:1)
  A leopard gecko (D:1)
  An orc (D:2)
  A bat (D:1)
  11 goblins
  8 hobgoblins
  5 jackals
  3 kobolds (D:1)
  A ball python (D:1)
  6 frilled lizards
44 creatures vanquished.

Notes
Turn   | Place    | Note
-------+----------+-------------------------------------------
     0 | D:1      | diana the Minotaur Fighter began the quest for the Orb.
     0 | D:1      | Reached XP level 1. HP: 19/19 MP: 0/0
    72 | D:1      | Reached skill level 3 in Maces & Flails
   235 | D:1      | Reached XP level 2. HP: 22/26 MP: 1/1
   474 | D:1      | Reached skill level 4 in Maces & Flails
   801 | D:2      | Reached XP level 3. HP: 30/31 MP: 2/2
   914 | D:2      | Reached skill level 5 in Maces & Flails
   987 | D:2      | Noticed Robin
  1000 | D:2      | Reached XP level 4. HP: 35/39 MP: 3/3
  1006 | D:2      | Killed Robin
  1113 | D:2      | Found a faded altar of an unknown god.
  1567 | D:3      | Noticed Sigmund
  1956 | D:2      | Reached skill level 6 in Maces & Flails
  2090 | D:2      | Mangled by Sigmund

Skill      XL: |  1  2  3  4 |
---------------+-------------+-----
Maces & Flails | 3 4 5 6 |  6.2
Fighting       | |  3.6
Armour         | |  3.6
Shields        | |  3.6

Action                   |  1- 3 |  4- 6 || total
-------------------------+-------+-------++-------
Melee: Flail             |    92 |    27 ||   119
       Headbutt          |    14 |     8 ||    22
  Use: Potion            |       |     1 ||     1
  Eat: Ration            |       |     1 ||     1
Armor: Scale mail        |    48 |    11 ||    59
Dodge: Dodged            |    29 |    11 ||    40
Block: Shield            |    43 |    10 ||    53
